 Dungeon Crawl Stone Soup version 0.24-a0-183-g8902462 (console) character file.

Game seed: 5392075620315634691

26 Duffy the Insei (level 3, -4/24 HPs)
             Began as an Octopode Transmuter on Mar 15, 2019.
             Slain by Terence
             ... wielding a +5 short sword of venom
              (9 damage)
             ... on level 2 of the Dungeon.
             The game lasted 00:01:09 (984 turns).

Duffy the Insei (Octopode Transmuter)                Turns: 984, Time: 00:01:09

Health: -4/24      AC:  1    Str:  9    XL:     3   Next: 8%
Magic:  6/6        EV: 13    Int: 16    God:
Gold:   98         SH:  0    Dex: 12    Spells: 0/6 levels left

rFire    . . .     SeeInvis .     - Unarmed
rCold    . . .     Gourm    .   (no shield)
rNeg     . . .     Faith    .   (helmet restricted)
rPois    .         Spirit   .   (no amulet)
rElec    .         Reflect  .   (no ring)
rCorr    .         Harm     .   (no ring)
MR       .....                  (no ring)
Stlth    ++........             (no ring)
HPRegen  0.08/turn              (no ring)
MPRegen  0.10/turn              (no ring)
                                (no ring)
                                (no ring)

@: no status effects
A: almost no armour, stealthy swim, amphibious, 8 rings, constrict 8, camouflage
1, gelatinous body 1
a: no special abilities


You were on level 2 of the Dungeon.
You were not hungry.

You visited 1 branch of the dungeon, and saw 2 of its levels.

You collected 98 gold pieces.

Inventory:

Missiles
 a - 12 arrows
Scrolls
 d - a scroll of identify {unknown}
 e - 3 scrolls of enchant weapon {unknown}
 f - 2 scrolls of remove curse {unknown}
 g - 2 scrolls of random uselessness {unknown}
 i - 3 scrolls of enchant armour {unknown}
Potions
 h - a potion of might {unknown}
Comestibles
 b - 4 chunks of flesh
 c - 2 rations


   Skills:
 + Level 2.2 Fighting
 - Level 2.0 Dodging
 - Level 3.4 Unarmed Combat
 - Level 2.0 Spellcasting
 - Level 2.0 Transmutations
 + Level 0.3 Poison Magic


You couldn't memorise any spells.
You knew the following spells:

 Your Spells              Type           Power        Failure   Level  Hunger
h - Spider Form           Tmut/Pois      #.........   36%         3    ###....
j - Sticks to Snakes      Tmut           #.......     14%         2    ###....
k - Beastly Appendage     Tmut           #.....       9%          1    #......

Your spell library contained the following spells:

 Spells                   Type           Power        Failure   Level  Hunger
 Ice Form                 Ice/Tmut       #.......     80%         4    #####..
 Blade Hands              Tmut           #.........   94%         5    ######.


Dungeon Overview and Level Annotations

Branches:
Dungeon (2/15)

Altars:
Dithmenos

Annotations:
D:2 Terence


Innate Abilities, Weirdness & Mutations

You cannot wear most types of armour.
You are very stealthy in the water. (Stealth+)
You are amphibious.
You can wear up to eight rings at the same time.
You can use your tentacles to constrict eight enemies at once.
Your skin changes colour to match your surroundings (Stealth+).
Your rubbery body absorbs attacks. (AC +1, EV +1)


Message History

You feel sick. Terence says, "How do you enjoy it?"
You feel sick.
You feel sick.
You feel sick.
You feel sick.
You feel sick.
You feel sick.
You feel sick.
You feel sick.
You feel sick.
You feel sick.
You feel sick.
You see here a robe.
You feel sick.
You feel sick.
You are no longer poisoned.
Terence screams, "I'm going to kill you!"
Terence hits you with a +5 short sword of venom!
You die...

######.# ## #####
#......# #..
....#######..#...# #..
...(.#.....###... #.#
###...#.##..###..# #.#
#.......###..#..## #.#
#........##.....##
#.####.................
#...@@......##.........
#.######...####..._...#
#.######....##.........
#......................
#<>..###..##..##.....##
#.......>.##.###..#..##
####.####.##.##..###..#
#.# #.##.....###... #.#
#.##.#....#..##


You could see Terence.

Vanquished Creatures
  2 leopard geckos
  6 bats (D:1)
  4 giant cockroaches
  4 goblins
  2 jackals (D:1)
  4 kobolds (D:1)
  A rat (D:2)
23 creatures vanquished.

Notes
Turn   | Place    | Note
-------+----------+-------------------------------------------
     0 | D:1      | Duffy the Octopode Transmuter began the quest for the Orb.
     0 | D:1      | Reached XP level 1. HP: 13/13 MP: 3/3
   161 | D:1      | Reached XP level 2. HP: 17/18 MP: 5/5
   180 | D:1      | Learned a level 2 spell: Sticks to Snakes
   802 | D:2      | Reached XP level 3. HP: 24/24 MP: 6/6
   807 | D:2      | Learned a level 3 spell: Spider Form
   808 | D:2      | Found a shadowy altar of Dithmenos.
   931 | D:2      | Noticed Terence
   984 | D:2      | Slain by Terence

Levels and vault maps discovered:
D:1:      mrwooster_arrival_statue_2, layout_basic, minmay_heptomino_d4
D:2:      layout_loops_ring, first_ration, nicolae_dithmenos_shadow_blocks,
          uniq_terence

Skill      XL: |  1  2 |
---------------+-------+-----
Fighting       | 2 |  2.2
Dodging        | |  2.0
Unarmed Combat | |  3.4
Spellcasting   | |  2.0
Transmutations | |  2.0
Poison Magic   | |  0.3

Action                   || total
-------------------------++-------
Melee: Unarmed           ||    48
       Constrict         ||    12
       Tentacles         ||    10
 Stab: Sleeping          ||    13
Armor: Skin              ||     8
Dodge: Dodged            ||    24

Table legend:
 A = Non-vault XP
 B = Vault XP
 C = Vault XP percentage of total XP
 D = Non-vault monster count
 E = Vault monster count
 F = Vault count percentage of total count
                 A         B        C        D         E       F
            +---------+---------+-------+---------+---------+-------
      Total |      35 |       3 |   7.9 |      21 |       2 |   8.7
            +---------+---------+-------+---------+---------+-------
        D:1 |      27 |       3 |  10.0 |      17 |       2 |  10.5
        D:2 |       8 |       0 |   0.0 |       4 |       0 |   0.0
            +---------+---------+-------+---------+---------+-------
